 Dungeon Crawl Stone Soup version 0.30-a0-354-g6b83867211 (webtiles) character file.

Game seed: 6753061488904468488

3033 mopl the Martial Artist (level 10, -3/72 HPs)
             Began as a Djinni Transmuter on Nov 7, 2022.
             Was a Believer of Wu Jian.
             Slain by a troll (12 damage)
             ... on level 8 of the Dungeon.
             The game lasted 00:09:40 (5636 turns).

mopl the Martial Artist (Djinni Transmuter)         Turns: 5636, Time: 00:09:41

Health: -3/72      AC:  2    Str: 13    XL:     10   Next: 11%
Gold:   368        EV: 20    Int: 16    God:    Wu Jian [**....] SH:  0 Dex: 24

rFire   . . .      SeeInvis .      - Unarmed
rCold   . . .      Faith    .    (shield currently unavailable)
rNeg    + . .      Spirit   .    (body armour currently unavailable)
rPois   ∞          Reflect  .    (helmet currently unavailable)
rElec   .          Harm     .    (cloak currently unavailable)
rCorr   .          Rampage  .    (gloves currently unavailable)
Will    +....                    (boots unavailable)
Stlth   ++........               m - amulet of the acrobat
HPRegen 0.32/turn                p - ring of positive energy
MPRegen 0.00/turn                r - +6 ring of dexterity

@: about to teleport, spider-form (expiring), flying
A: venomous fangs, flying, sickness immunity, tiny, (fire resistance 2), (cold
vulnerability 1), float, innate caster, HP casting, extra vitality 1
a: End Transformation, Renounce Religion, Wall Jump


You were on level 8 of the Dungeon.
You worshipped Wu Jian.
Wu Jian was pleased with you.
You were a venomous arachnid creature.
You visited 2 branches of the dungeon, and saw 9 of its levels.

You collected 368 gold pieces.

Inventory:

Hand Weapons
 e - the +5 short sword "Meywuos" {vorpal, *Noise rC+ Str+5}
   (You found it on level 5 of the Dungeon)

   It inflicts extra damage upon your enemies.
   Str:       It affects your strength (+5).
   rC:        It protects you from cold.
   *Noise:    It may make noises in combat.
Missiles
 A - a throwing net
 B - 2 curare-tipped darts
 C - 4 poisoned darts
Armour
 a - a +0 robe (melded)
 q - a +0 tower shield
 t - a +0 pair of gloves (melded)
Jewellery
 m - an amulet of the acrobat (around neck)
 p - a ring of positive energy (left front leg)
 r - a +6 ring of dexterity (right front leg)
Wands
 v - a wand of flame (26)
 x - a wand of light (7)
 z - a wand of charming (5)
Scrolls
 d - 3 scrolls of magic mapping {unknown}
 f - a scroll of torment {unknown}
 h - 3 scrolls of blinking {unknown}
 i - 4 scrolls of amnesia {unknown}
 k - 5 scrolls of teleportation
 n - 2 scrolls of enchant armour {unknown}
 s - 2 scrolls of immolation {unknown}
 u - 3 scrolls of butterflies {unknown}
 y - 4 scrolls of brand weapon {unknown}
 D - a scroll of silence {unknown}
 E - a scroll of identify
 H - a scroll of vulnerability {unknown}
Potions
 b - 2 potions of lignification {!q}
 c - a potion of resistance
 g - a potion of might
 j - 6 potions of curing
 l - 6 potions of flight {unknown}
 o - a potion of haste
 w - 6 potions of heal wounds {unknown}
 F - a potion of cancellation {unknown}
 G - a potion of attraction {unknown}
 I - a potion of ambrosia {unknown}


   Skills:
 + Level 5.9 Fighting
 + Level 2.2 Throwing
 - Level 2.1 Dodging
 * Level 9.1 Unarmed Combat
 + Level 4.7 Spellcasting
 + Level 4.9 Evocations


You couldn't memorise any spells.
You knew the following spells:

 Your Spells              Type           Power      Damage    Failure   Level
a - Beastly Appendage     Tmut           38%        N/A       9%          1
b - Wereblood             Tmut           19%        N/A       11%         2
c - Spider Form           Tmut/Pois      19%        N/A       19%         3
d - Ice Form              Ice/Tmut       19%        N/A       43%         4
e - Foxfire               Conj/Fire      76%        2x1d7     9%          1
f - Searing Ray           Conj           38%        2d5       11%         2
g - Stone Arrow           Conj/Erth      38%        3d9       19%         3
h - Flame Wave            Conj/Fire      19%        2d7       43%         4
Your spell library was empty.

Dungeon Overview and Level Annotations

Branches:
Dungeon (8/15)             Temple (1/1) D:4
   Lair: D:8-11

Altars:
Ashenzari
Cheibriados
Dithmenos
Elyvilon
Fedhas
Gozag
Makhleb
Nemelex Xobeh
Okawaru
Qazlal
Ru
Trog
Wu Jian
Xom
Yredelemnul
Zin
The Shining One

Annotations:
D:5 3 runed translucent doors, flestrin's ghost, novice KoEn


Innate Abilities, Weirdness & Mutations

You are a venomous arachnid creature.
You have poisonous fangs.
You are tiny and dextrous.
You are flying.
Your spellcasting is less reliable in this form.
Your armour is entirely melded.
You are incapable of wielding weapons or throwing items.
You are immune to sickness and miasma.
You are immune to poison.
((Your flesh is very heat resistant. (rF++)))
((You are vulnerable to cold. (rC-)))
You float through the air rather than walking.
You learn spells naturally, not from books.
Your magical power is your life essence.
You have superior vitality. (+4 MHP)


Message History

Your transformation is almost over.
Your transformation has ended.
Your +0 pair of gloves unmelds from your body.
Your +0 robe unmelds from your body.
Found a stone staircase leading up.
u - 3 scrolls labelled ZAALUNT BOYSU (gained 1)
Found a stone staircase leading down.
An orc comes into view. It is wielding a +0 dagger.
A troll comes into view.
Found 14 gold pieces.
The troll shouts!
You hear a shout!
The orc shouts!
An orc comes into view. It is wielding a +0 whip.
You hear a loud, deep croak!
Found 5 stones.
An orc wizard comes into view. It is wielding a +2 dagger of speed.
You turn into a venomous arachnid creature.
Your +0 pair of gloves melds into your body.
Your +0 robe melds into your body.
The orc wizard shouts!
A bullfrog comes into view.
The troll bites you!! The troll misses you. The troll claws you!
Unknown command.
You hit the troll.
The troll is poisoned.
The troll is lightly wounded.
The troll bites you. The troll barely misses you. The troll claws you!
* * * LOW HITPOINT WARNING * * *
Unknown command.
The troll attacks as you move away! The troll barely misses you.
The troll claws you.
* * * LOW HITPOINT WARNING * * *
The troll closely misses you. The troll attacks as you move away!
The troll completely misses you. x2
The troll claws you!
* * * LOW HITPOINT WARNING * * *
Okay, then.
There is nothing to wall jump against here.
Okay, then.
As you read the scroll of teleportation, it crumbles to dust.
You feel strangely unstable. The troll bites you!
You die...

#.. #.( ## ... #.. #.#
... #F# .. #o# #.##.#.#
#.....o#### ####..oTs.#
#.####.# ...####.#### #..
###.#.......#... #...#
#.#......>..# #...#
##.#.#..##.### #...#
#.............
#####...###.##.#...#.##..
.............#.##..# # .


You could see a troll (very poisoned) and 2 orcs.

Vanquished Creatures
  A hornet (D:7)
  Sigmund (D:5)
  A wyvern (D:7)
  A steam dragon (D:7)
  A water moccasin (D:6)
  2 sky beasts (D:7)
  3 black bears
  4 ogres
  A centaur (D:5)
  2 phantoms
  2 kobold brigands
  A necrophage (D:5)
  3 bullfrogs
  3 scorpions
  3 wights (D:6)
  2 hounds
  A gnoll bouda (D:6)
  4 iguanas
  3 orc wizards
  5 gnolls
  11 adders
  A white imp (D:7)
  A worm (D:4)
  5 dart slugs
  16 orcs
  9 bats
  13 endoplasms
  4 giant cockroaches
  5 goblins
  6 hobgoblins
  3 jackals (D:3)
  5 quokkas
  12 ball pythons
  2 frilled lizards (D:1)
  13 kobolds
150 creatures vanquished.

Vanquished Creatures (others)
  3 withered plants (D:3)
3 creatures vanquished.

Grand Total: 153 creatures vanquished

Notes
Turn   | Place    | Note
-------+----------+-------------------------------------------
     0 | D:1      | mopl the Djinni Transmuter began the quest for the Orb.
     0 | D:1      | mopl set off with the following spells memorised: Beastly
                  | Appendage, Wereblood, Spider Form, Ice Form.
     0 | D:1      | Reached XP level 1. HP: 17/17 MP: 0/0
    62 | D:1      | Reached XP level 2. HP: 17/22 MP: 0/0
   283 | D:1      | Reached XP level 3. HP: 26/27 MP: 0/0
   283 | D:1      | Learned a level 1 spell: Foxfire
   731 | D:2      | Found a faded altar of an unknown god.
   770 | D:2      | Reached skill level 2 in Spellcasting
   910 | D:2      | Reached XP level 4. HP: 15/33 MP: 0/0
   951 | D:2      | Reached skill level 2 in Fighting
  1305 | D:2      | Reached skill level 4 in Unarmed Combat
  1393 | D:3      | Found an iron altar of Okawaru.
  1865 | D:3      | Reached XP level 5. HP: 35/38 MP: 0/0
  1865 | D:3      | Learned a level 2 spell: Searing Ray
  1944 | D:3      | HP: 2/58 [adder (1)]
  1951 | D:3      | HP: 1/58 [adder (2)]
  2427 | D:4      | Reached XP level 6. HP: 32/45 MP: 0/0
  2451 | D:4      | Found a blossoming altar of Fedhas.
  2545 | D:4      | Reached skill level 3 in Fighting
  2545 | D:4      | Reached skill level 5 in Unarmed Combat
  2572 | D:4      | Found a staircase to the Ecumenical Temple.
  2577 | Temple   | Entered the Ecumenical Temple
  2700 | Temple   | Became a worshipper of the Wu Jian Council
  2897 | D:5      | Entered Level 5 of the Dungeon
  3037 | D:5      | Reached skill level 1 in Evocations
  3037 | D:5      | Reached XP level 7. HP: 34/50 MP: 0/0
  3037 | D:5      | Learned a level 3 spell: Stone Arrow
  3041 | D:5      | Identified the +5 short sword "Meywuos" {vorpal, *Noise rC+
                  | Str+5}
  3109 | D:5      | Noticed Sigmund
  3127 | D:5      | Killed Sigmund
  3128 | D:5      | Reached skill level 6 in Unarmed Combat
  3128 | D:5      | Reached skill level 3 in Spellcasting
  3245 | D:5      | Reached skill level 2 in Evocations
  3245 | D:5      | Reached XP level 8. HP: 30/58 MP: 0/0
  3283 | D:5      | Reached skill level 4 in Fighting
  3316 | D:5      | Found a glowing golden altar of the Shining One.
  3380 | D:5      | Found a burning altar of Makhleb.
  3414 | D:5      | Found a runed translucent gate.
  3414 | D:5      | Found a runed translucent gate.
  3415 | D:5      | Found a runed translucent gate.
  3417 | D:5      | Noticed flestrin's ghost (novice KoEn)
  3479 | D:5      | Reached skill level 7 in Unarmed Combat
  3648 | D:5      | Reached skill level 3 in Evocations
  3942 | D:6      | Reached * piety under Wu Jian
  4028 | D:6      | Reached skill level 4 in Spellcasting
  4028 | D:6      | Reached XP level 9. HP: 25/64 MP: 0/0
  4028 | D:6      | Learned a level 4 spell: Flame Wave
  4216 | D:6      | Reached skill level 5 in Fighting
  4307 | D:6      | Found a snail-covered altar of Cheibriados.
  4432 | D:6      | Reached skill level 8 in Unarmed Combat
  4623 | D:6      | Reached skill level 4 in Evocations
  4627 | D:6      | Reached skill level 1 in Throwing
  4640 | D:6      | Found a broken altar of Ashenzari.
  5085 | D:7      | Noticed a hornet
  5093 | D:7      | Killed a hornet
  5192 | D:7      | Reached skill level 2 in Throwing
  5192 | D:7      | Reached XP level 10. HP: 59/72 MP: 0/0
  5284 | D:7      | Reached ** piety under Wu Jian
  5309 | D:7      | Found a sparkling altar of Nemelex Xobeh.
  5317 | D:7      | Reached skill level 9 in Unarmed Combat
  5393 | D:7      | Found a glowing silver altar of Zin.
  5636 | D:8      | Slain by a troll

Illustrated notes

Levels and vault maps discovered:
D:1:      mrwooster_arrival_statue_3, layout_loops_ring
D:2:      layout_basic, hellmonk_ecumenical_altar_zigzags, minmay_fountain_box,
          serial_bayou_lagoon_a, minivault_4
D:3:      layout_loops_cross, kiku_gazebo_garden_becter,
          kennysheep_okawaru_gauntlet, hangedman_decor_clover_reticule,
          minmay_snake_closets
D:4:      layout_rooms, mainiacjoe_overflow_tiny_flanked, temple_statues
D:5:      layout_rooms, tso_altar, old_standard_altar,
          gammafunk_ghost_necromancy, kennysheep_generic_room_11, uniq_sigmund
D:6:      layout_loops_ring, evilmike_ruin_ashenzari,
          nicolae_overflow_hidden_temple, minmay_misc_feat_cross,
          grunt_ministairs_9
D:7:      layout_rooms, nemelex_dance_club_becter, zin_academy
D:8:      layout_loops_cross, nicolae_uskayaw_dance_hall, uniq_maurice
Temple:   minmay_temple_curvy_loop

Skill      XL: |  1  2  3  4  5  6  7  8  9 10 |
---------------+-------------------------------+-----
Spellcasting   | 2 3 4 |  4.7
Fighting       | 2 3 4 5 |  5.9
Unarmed Combat | 4 5 6 7 8 9 |  9.1
Evocations     | 1 2 3 4 |  4.9
Throwing       | 2 |  2.2
Dodging        | |  2.1

Action                   |  1- 3 |  4- 6 |  7- 9 | 10-12 || total
-------------------------+-------+-------+-------+-------++-------
Melee: Unarmed           |    92 |   223 |   187 |    33 ||   535
       Headbutt          |    10 |    26 |       |       ||    36
       Punch             |     2 |     9 |       |       ||    11
 Cast: Beastly Appendage |    18 |    34 |     1 |       ||    53
       Spider Form       |       |       |    18 |     5 ||    23
Invok: Lunge             |       |     1 |     8 |     2 ||    11
       Whirlwind         |       |       |     1 |       ||     1
  Use: Scroll            |       |     5 |     2 |     1 ||     8
       Potion            |       |     1 |       |       ||     1
 Stab: Sleeping          |       |     1 |     2 |       ||     3
Armor: Robe              |    19 |    37 |     3 |       ||    59
       Skin              |       |    12 |    14 |     1 ||    27
Dodge: Dodged            |    59 |   149 |   171 |    23 ||   402

Table legend: (Time is in decaauts)
 A = Elapsed time spent in this place.
 B = Non-inter-level travel time spent in this place.
 C = Inter-level travel time spent in this place.
 D = Time resting spent in this place.
 E = Time spent auto-exploring this place.
 F = Levels seen in this place.
 G = Mean time per level.
                   A        B        C        D        E       F      G
               +--------+--------+--------+--------+--------+-----+--------+
         Total |   5583 |   5386 |    197 |    869 |   3353 |   9 |  620.3 |
       Dungeon |   5442 |   5262 |    180 |    869 |   3240 |   8 |  680.2 |
        Temple |    140 |    123 |     17 |      0 |    113 |   1 |  140.0 |
               +--------+--------+--------+--------+--------+-----+--------+

Top non-repeatable levels by time:
     D:5: 1002 daAuts
     D:6: 977 daAuts
     D:3: 914 daAuts
     D:1: 688 daAuts
     D:2: 632 daAuts
     D:7: 600 daAuts
     D:4: 499 daAuts
  Temple: 140 daAuts
     D:8: 126 daAuts
